[Event "Turkish Second League 2019"]
[Site "Konya"]
[Date "2019.07.24"]
[Round "4"]
[White "Karaokcu, Erkin"]
[Black "Bashirli, Nail"]
[Result "1-0"]
[ECO "A13"]
[WhiteElo "2256"]
[BlackElo "2367"]
[Annotator "NA"]
[PlyCount "147"]
[EventDate "2019.07.22"]
[EventType "team-tourn"]
[EventCountry "TUR"]
[SourceTitle "playchess.com"]
[Source "ChessBase"]
[SourceQuality "1"]
[TimeControl "5400+30"]

1. Nf3 Nf6 2. c4 e6 3. g3 d5 4. Bg2 dxc4 5. O-O Nbd7 6. Qa4 a6 7. Qxc4 b5 8. Qc2 Bb7 9. d3 Bd6 10. Nbd2 O-O 11. b3 e5 12. Bb2 Re8 13. Rfe1 Bf8 14. Nxe5 Bxg2 15. Nxd7 Qxd7 16. Kxg2 Nd5 17. a3 Qg4 18. e3 Rad8 19. Nf3 Rd6 20. h3 Qh5 21. Qd2 Rh6 22. Ng1 Rd6 23. e4 Nb6 24. Rac1 c5 25. Qe3 Rd7 26. Nf3 f6 27. e5 Qg6 28. Rcd1 Nd5 29. Qc1 f5 30. e6 Rd6 31. Nh4 Qh5 32. Qxc5 f4 33. Be5 fxg3 34. Bxd6 gxf2 35. Qxf2 Bxd6 36. Qf7+ Qxf7 37. exf7+ Kxf7 38. Rxe8 Kxe8 39. Re1+ Kd7 40. a4 Nf4+ 41. Kf3 g6 42. axb5 axb5 43. Ke4 Nxh3 44. Nf3 Bg3 45. Ra1 Nf2+ 46. Ke3 Ng4+ 47. Kd4 Bf2+ 48. Ke4 Nf6+ 49. Ke5 Ng4+ 50. Kf4 Nf6 51. d4 Nd5+ 52. Ke5 Nc7 53. Rf1 Bg3+ 54. Ke4 Ne6 55. Ne5+ Kd6 56. Nf7+ Ke7 57. Ne5 Kd6 58. Nf3 h5 59. b4 h4 60. Rh1 g5 61. d5 g4 62. Nxh4 Ng5+ 63. Kf5 Nh3 64. Ng2 Nf2 65. Rc1 Nd3 66. Rc3 Nxb4 67. Rxg3 Nxd5 68. Rxg4 b4 69. Rg7 Kc5 70. Ke4 b3 71. Rg5 b2 72. Rxd5+ Kb4 73. Rd1 Kb3 74. Kd3 1-0

[Event "Turkish Second League 2019"]
[Site "Konya"]
[Date "2019.07.24"]
[Round "4"]
[White "Ozsakallioglu, Okan"]
[Black "Lomsadze, Davit"]
[Result "1/2-1/2"]
[ECO "C64"]
[WhiteElo "2243"]
[BlackElo "2292"]
[Annotator "NA"]
[PlyCount "108"]
[EventDate "2019.07.22"]
[EventType "team-tourn"]
[EventCountry "TUR"]
[SourceTitle "playchess.com"]
[Source "ChessBase"]
[SourceQuality "1"]
[TimeControl "5400+30"]

1. e4 e5 2. Nf3 Nc6 3. Bb5 Bc5 4. O-O Nd4 5. Nxd4 Bxd4 6. c3 Bb6 7. Qg4 Qf6 8. d4 exd4 9. cxd4 c6 10. Ba4 d6 11. Qg3 Bxd4 12. Nc3 Ne7 13. Bg5 Qg6 14. Rad1 Bxc3 15. bxc3 h6 16. Bf4 Qxg3 17. Bxg3 Be6 18. Bb3 d5 19. exd5 cxd5 20. Ba4+ Bd7 21. Bb3 O-O-O 22. c4 Bc6 23. cxd5 Nxd5 24. Rc1 Rhe8 25. Rfd1 Nc3 26. Rxd8+ Kxd8 27. Bc4 Ne2+ 28. Bxe2 Rxe2 29. a3 Ke7 30. h3 Rd2 31. Bb8 a6 32. Rc3 h5 33. Ba7 g6 34. Kh2 Ke6 35. Kg3 Kd5 36. Be3 Rd1 37. Kf4 Rh1 38. Kg3 Rg1 39. f3 Rd1 40. h4 Ra1 41. Kf4 Ke6 42. Ba7 Ra2 43. g4 Ra1 44. Re3+ Kd5 45. gxh5 gxh5 46. Kg5 Rg1+ 47. Kxh5 Rg3 48. Kh6 Kc4 49. f4 Rxe3 50. Bxe3 Kd3 51. Bc5 Ke4 52. Bd6 Kf5 53. Kg7 Bf3 54. Kxf7 b5 1/2-1/2

[Event "Turkish Second League 2019"]
[Site "Konya"]
[Date "2019.07.24"]
[Round "4"]
[White "Ozenir, Ekin Baris"]
[Black "Erdogan, Yunus Emre"]
[Result "*"]
[ECO "A52"]
[WhiteElo "2235"]
[BlackElo "1833"]
[Annotator "NA"]
[PlyCount "47"]
[EventDate "2019.07.22"]
[EventType "team-tourn"]
[EventCountry "TUR"]
[SourceTitle "playchess.com"]
[Source "ChessBase"]
[SourceQuality "1"]
[TimeControl "5400+30"]

1. d4 Nf6 2. c4 e5 3. dxe5 Ng4 4. Bf4 g5 5. Bg3 Bg7 6. Nf3 Nc6 7. h4 Ngxe5 8. Nxe5 Nxe5 9. Nc3 Nxc4 10. e4 Ne5 11. hxg5 c6 12. f4 Ng6 13. Qd2 h6 14. gxh6 Rxh6 15. Rg1 Qb6 16. Bf2 Qb4 17. Be3 Rh2 18. O-O-O Bxc3 19. Qxc3 Qxc3+ 20. bxc3 d5 21. exd5 cxd5 22. Rxd5 Be6 23. Rb5 Bxa2 24. Kb2 *

[Event "Turkish Second League 2019"]
[Site "Konya"]
[Date "2019.07.24"]
[Round "4"]
[White "Topak, Engin"]
[Black "Metin, Mehmet"]
[Result "1/2-1/2"]
[ECO "D35"]
[WhiteElo "2206"]
[BlackElo "2150"]
[Annotator "NA"]
[PlyCount "69"]
[EventDate "2019.07.22"]
[EventType "team-tourn"]
[EventCountry "TUR"]
[SourceTitle "playchess.com"]
[Source "ChessBase"]
[SourceQuality "1"]
[TimeControl "5400+30"]

1. d4 Nf6 2. Nf3 d5 3. c4 e6 4. Nc3 Be7 5. Bg5 O-O 6. e3 Nbd7 7. Rc1 c6 8. cxd5 exd5 9. Bd3 Re8 10. O-O Ne4 11. Bxe7 Qxe7 12. Qc2 Nxc3 13. bxc3 g6 14. c4 dxc4 15. Bxc4 Nb6 16. Bb3 Be6 17. Ne5 Kg7 18. Bxe6 Qxe6 19. Rb1 Re7 20. Rb3 Nc8 21. Rfb1 Nd6 22. Nd3 Qd5 23. h3 Rd8 24. Nc5 b6 25. Nd3 Qe4 26. Rc1 Rc8 27. a4 Nb7 28. Rc3 Rec7 29. Nb4 Qxc2 30. R1xc2 c5 31. Na6 Rc6 32. Nb4 Rd6 33. Na6 Rdc6 34. Nb4 Rd6 35. Na6 1/2-1/2

[Event "Turkish Second League 2019"]
[Site "Konya"]
[Date "2019.07.24"]
[Round "4"]
[White "Ibrahimova, Sabina"]
[Black "Guney, Gamze Nur"]
[Result "1-0"]
[ECO "C67"]
[WhiteElo "2190"]
[BlackElo "1735"]
[Annotator "NA"]
[PlyCount "55"]
[EventDate "2019.07.22"]
[EventType "team-tourn"]
[EventCountry "TUR"]
[SourceTitle "playchess.com"]
[Source "ChessBase"]
[SourceQuality "1"]
[TimeControl "5400+30"]

1. e4 e5 2. Nf3 Nc6 3. Bb5 Nf6 4. d4 Nxe4 5. O-O Nd6 6. Bxc6 dxc6 7. dxe5 Nf5 8. Qe2 Nd4 9. Nxd4 Qxd4 10. Rd1 Bg4 11. Rxd4 Bxe2 12. Nc3 Bh5 13. Bf4 Rd8 14. Re4 Bg6 15. Re2 Bb4 16. Bg5 Rd7 17. g4 h5 18. h3 hxg4 19. hxg4 Bxc3 20. bxc3 Rh3 21. Kg2 Rxc3 22. Rh1 Rd5 23. Rh8+ Kd7 24. e6+ Kd6 25. Bf6 Rxc2 26. Rd8+ Kc5 27. Rxc2+ Bxc2 28. e7 1-0

[Event "Turkish Second League 2019"]
[Site "Konya"]
[Date "2019.07.24"]
[Round "4"]
[White "Zor, Alber Kadir"]
[Black "Abdullahoglu, Diren Can"]
[Result "1-0"]
[ECO "D03"]
[WhiteElo "2160"]
[BlackElo "1889"]
[Annotator "NA"]
[PlyCount "85"]
[EventDate "2019.07.22"]
[EventType "team-tourn"]
[EventCountry "TUR"]
[SourceTitle "playchess.com"]
[Source "ChessBase"]
[SourceQuality "1"]
[TimeControl "5400+30"]

1. d4 Nf6 2. Nf3 g6 3. Bg5 Bg7 4. Nbd2 O-O 5. c3 d5 6. e3 Bf5 7. Be2 c6 8. Qb3 Qc8 9. c4 dxc4 10. Nxc4 Be6 11. Qa3 Qd8 12. Rc1 Re8 13. h3 Na6 14. Na5 Qb6 15. Nxc6 Nc7 16. Nce5 Nb5 17. Qb4 Nd6 18. Qxb6 axb6 19. a3 Nfe4 20. Bf4 f6 21. Nd3 Nc4 22. O-O b5 23. Rc2 b6 24. Rfc1 g5 25. Bh2 h5 26. Nb4 Ncd6 27. d5 Bf7 28. Nd4 f5 29. Bxd6 Bxd4 30. Bxb5 Bxe3 31. fxe3 Nxd6 32. Bxe8 Bxe8 33. Rc7 Kf8 34. Nc6 h4 35. Nxe7 Ra5 36. Nxf5 Nxf5 37. Rf1 Rxd5 38. e4 Rd2 39. Rxf5+ Kg8 40. Rxg5+ Kf8 41. Rf5+ Kg8 42. Rc8 Rd1+ 43. Kh2 1-0

[Event "Turkish Second League 2019"]
[Site "Konya"]
[Date "2019.07.24"]
[Round "4"]
[White "Demirbag, Alihan"]
[Black "Sahutoglu, Mehmet Ibrahim"]
[Result "1/2-1/2"]
[ECO "B26"]
[WhiteElo "2087"]
[BlackElo "1898"]
[Annotator "NA"]
[PlyCount "71"]
[EventDate "2019.07.22"]
[EventType "team-tourn"]
[EventCountry "TUR"]
[SourceTitle "playchess.com"]
[Source "ChessBase"]
[SourceQuality "1"]
[TimeControl "5400+30"]

1. e4 c5 2. Nc3 Nc6 3. g3 g6 4. d3 Bg7 5. Be3 d6 6. Qd2 Rb8 7. Bg2 b5 8. Nge2 Nd4 9. O-O b4 10. Nd1 a5 11. Nc1 Nf6 12. c3 Ne6 13. h3 Ba6 14. f4 O-O 15. f5 Nc7 16. Bh6 a4 17. Bxg7 Kxg7 18. c4 Nd7 19. Ne3 Ne5 20. Ne2 Bc8 21. Rad1 Bd7 22. Nf4 f6 23. Qe2 Be8 24. Ng4 g5 25. Nxe5 dxe5 26. Nd5 Bf7 27. Nxc7 Qxc7 28. Bf3 Qd7 29. Bh5 Bxh5 30. Qxh5 Qe8 31. Qe2 h5 32. Kh2 Rd8 33. Rd2 Rd4 34. Rfd1 Qf7 35. Qf3 Rfd8 36. Qe3 1/2-1/2

[Event "Turkish Second League 2019"]
[Site "Konya"]
[Date "2019.07.24"]
[Round "4"]
[White "Duman, Aydin"]
[Black "Isik, Alparslan"]
[Result "0-1"]
[ECO "B51"]
[WhiteElo "2059"]
[BlackElo "2293"]
[Annotator "NA"]
[PlyCount "76"]
[EventDate "2019.07.22"]
[EventType "team-tourn"]
[EventCountry "TUR"]
[SourceTitle "playchess.com"]
[Source "ChessBase"]
[SourceQuality "1"]
[TimeControl "5400+30"]

1. e4 c5 2. Nf3 d6 3. Bb5+ Nd7 4. O-O a6 5. Bd3 Ngf6 6. c3 b5 7. Bc2 Bb7 8. Re1 Qc7 9. d3 e6 10. Nbd2 Be7 11. Nf1 O-O 12. Ng3 Rac8 13. Qe2 Rfe8 14. h3 Bf8 15. Nh2 g6 16. f4 Bg7 17. Bd2 e5 18. f5 d5 19. fxg6 hxg6 20. Ng4 Nxg4 21. hxg4 c4 22. dxc4 dxc4 23. Rf1 Nc5 24. Rf3 Ne6 25. Raf1 Nf4 26. Qe1 Rcd8 27. Nh1 Qd7 28. Bxf4 exf4 29. Rxf4 Bd5 30. Qh4 Be6 31. Ng3 Qd2 32. R4f2 Qh6 33. Qh3 Qe3 34. Kh2 Be5 35. Rf3 Qg5 36. Kg1 Bxg4 37. Qh2 Bxf3 38. Rxf3 Qc1+ 0-1

[Event "Turkish Second League 2019"]
[Site "Konya"]
[Date "2019.07.24"]
[Round "4"]
[White "Kartal, Koray"]
[Black "Kara, Yanki"]
[Result "0-1"]
[ECO "B06"]
[WhiteElo "2002"]
[BlackElo "2193"]
[Annotator "NA"]
[PlyCount "76"]
[EventDate "2019.07.22"]
[EventType "team-tourn"]
[EventCountry "TUR"]
[SourceTitle "playchess.com"]
[Source "ChessBase"]
[SourceQuality "1"]
[TimeControl "5400+30"]

1. e4 g6 2. d4 Bg7 3. Nc3 d6 4. Nf3 a6 5. a4 Nf6 6. Bd3 O-O 7. O-O Nc6 8. h3 e6 9. Be3 h6 10. Qd2 Kh7 11. Rfe1 b6 12. Rad1 Nb4 13. Bc4 d5 14. e5 dxc4 15. exf6 Qxf6 16. Ne5 Qf5 17. Re2 Bb7 18. Bf4 g5 19. Bg3 Rad8 20. f3 c5 21. Bf2 Nc6 22. g4 Nxe5 23. gxf5 Nxf3+ 24. Kf1 Nxd2+ 25. Rexd2 Bf3 26. fxe6 fxe6 27. Ne2 cxd4 28. Bxd4 Bg4+ 29. Ke1 Bxh3 30. Ng3 Rf3 31. Bxg7 Rxd2 32. Rxd2 Kxg7 33. Rd7+ Kg6 34. Ne2 Rf1+ 35. Kd2 Bg4 36. Nd4 e5 37. Rd6+ Kf7 38. Rxh6 exd4 0-1

[Event "Turkish Second League 2019"]
[Site "Konya"]
[Date "2019.07.24"]
[Round "4"]
[White "Ozdemir, Serhan Berat"]
[Black "Alumert, Orkun Efe"]
[Result "1-0"]
[ECO "C07"]
[WhiteElo "1985"]
[BlackElo "2151"]
[Annotator "NA"]
[PlyCount "81"]
[EventDate "2019.07.22"]
[EventType "team-tourn"]
[EventCountry "TUR"]
[SourceTitle "playchess.com"]
[Source "ChessBase"]
[SourceQuality "1"]
[TimeControl "5400+30"]

1. e4 e6 2. d4 d5 3. Nd2 a6 4. Ngf3 c5 5. dxc5 Bxc5 6. Bd3 Nf6 7. O-O O-O 8. Qe2 Nc6 9. e5 Nd7 10. Nb3 Be7 11. c3 Re8 12. Re1 f6 13. exf6 Bxf6 14. Bd2 Nde5 15. Nxe5 Nxe5 16. Bc2 Nc4 17. Bf4 e5 18. Rad1 Be6 19. Nc5 Bf7 20. Bc1 Qc7 21. Nd3 Rad8 22. Qg4 e4 23. Nf4 Ne5 24. Qg3 Qe7 25. Qh3 Bg5 26. Bb3 Bxf4 27. Bxf4 Ng6 28. Bg3 Qg5 29. Bc7 Rc8 30. Qg3 Qf5 31. Rd4 Re7 32. Bd6 Rd7 33. Red1 h5 34. Rxd5 Qf6 35. Qh3 Rcd8 36. Rf5 Rxd6 37. Rxd6 Qxd6 38. Bxf7+ Kf8 39. Bxg6+ Kg8 40. Bf7+ Kf8 41. Bb3+ 1-0

[Event "Turkish Second League 2019"]
[Site "Konya"]
[Date "2019.07.24"]
[Round "4"]
[White "Dere, Abdullah Dogukan"]
[Black "Buke, Furkan"]
[Result "1/2-1/2"]
[ECO "A36"]
[WhiteElo "1960"]
[BlackElo "1959"]
[Annotator "NA"]
[PlyCount "98"]
[EventDate "2019.07.22"]
[EventType "team-tourn"]
[EventCountry "TUR"]
[SourceTitle "playchess.com"]
[Source "ChessBase"]
[SourceQuality "1"]
[TimeControl "5400+30"]

1. c4 c5 2. g3 g6 3. Bg2 Bg7 4. Nc3 Nc6 5. d3 e6 6. e4 Nge7 7. Nge2 a6 8. O-O O-O 9. Be3 Nd4 10. Qd2 Rb8 11. Bh6 d6 12. Bxg7 Kxg7 13. Nxd4 cxd4 14. Ne2 e5 15. f4 f6 16. fxe5 dxe5 17. b4 b5 18. c5 Nc6 19. h3 a5 20. a3 Be6 21. g4 axb4 22. axb4 Ra8 23. Ng3 Qe7 24. Kh2 Ra7 25. Rxa7 Qxa7 26. g5 fxg5 27. Rxf8 Kxf8 28. Qxg5 Qe7 29. Qh6+ Qg7 30. Qd2 Qf7 31. Kg1 Kg8 32. Qg5 Qe7 33. Qd2 Qh4 34. Kh2 Qe7 35. Kg1 Kg7 36. Kh2 h6 37. Kg1 Qg5 38. Qe1 h5 39. Kh2 Qf4 40. Kg1 Kh7 41. Nf1 Bb3 42. Qb1 Be6 43. Qb2 Qf7 44. Qd2 Qa7 45. Qg5 Qe7 46. Qd2 Qa7 47. Qg5 Qe7 48. Qd2 Qa7 49. Qg5 Qe7 1/2-1/2

[Event "Turkish Second League 2019"]
[Site "Konya"]
[Date "2019.07.24"]
[Round "4"]
[White "Demirag, Batuhan"]
[Black "Alaoglu, Niyazi Bekirhan"]
[Result "1-0"]
[ECO "E60"]
[WhiteElo "1939"]
[BlackElo "1769"]
[Annotator "NA"]
[PlyCount "91"]
[EventDate "2019.07.22"]
[EventType "team-tourn"]
[EventCountry "TUR"]
[SourceTitle "playchess.com"]
[Source "ChessBase"]
[SourceQuality "1"]
[TimeControl "5400+30"]

1. Nf3 Nf6 2. c4 g6 3. b3 Bg7 4. Bb2 O-O 5. g3 d6 6. d4 c6 7. Bg2 Nbd7 8. O-O Re8 9. Nc3 Qc7 10. Qd2 e5 11. dxe5 dxe5 12. e4 Nc5 13. Qe3 Qa5 14. h3 Ne6 15. Na4 Nd7 16. Rfd1 b5 17. Bc3 Qc7 18. Nb2 a5 19. cxb5 cxb5 20. Rac1 Qa7 21. Qxa7 Rxa7 22. Nd3 Nd4 23. Bxd4 exd4 24. e5 Bb7 25. Nxd4 Bxg2 26. Kxg2 Nxe5 27. Nxe5 Bxe5 28. Nxb5 Rb7 29. Rd5 Ree7 30. f4 Bf6 31. Kf3 Red7 32. Rcd1 Rxd5 33. Rxd5 Kf8 34. Nd6 Rd7 35. Ke4 Bb2 36. g4 h6 37. Nc4 Re7+ 38. Kd3 Bc1 39. f5 a4 40. bxa4 Ra7 41. a5 h5 42. gxh5 gxh5 43. f6 Ke8 44. Rxh5 Ra6 45. Nb6 Kd8 46. Rc5 1-0

[Event "Turkish Second League 2019"]
[Site "Konya"]
[Date "2019.07.24"]
[Round "4"]
[White "Gurbuz, Bayram"]
[Black "Oztekin, Kerem Can"]
[Result "1/2-1/2"]
[ECO "A77"]
[WhiteElo "1906"]
[BlackElo "1933"]
[Annotator "NA"]
[PlyCount "84"]
[EventDate "2019.07.22"]
[EventType "team-tourn"]
[EventCountry "TUR"]
[SourceTitle "playchess.com"]
[Source "ChessBase"]
[SourceQuality "1"]
[TimeControl "5400+30"]

1. d4 Nf6 2. c4 c5 3. d5 e6 4. Nc3 d6 5. Nf3 exd5 6. cxd5 g6 7. e4 a6 8. a4 Bg7 9. Nd2 O-O 10. Be2 Re8 11. O-O Nbd7 12. f3 Rb8 13. a5 Qe7 14. Nc4 b5 15. axb6 Nxb6 16. Na5 Qc7 17. Bf4 Nh5 18. Be3 f5 19. g4 fxg4 20. fxg4 Nf6 21. Bf3 Nfd7 22. Nc6 Nc4 23. Bc1 Ra8 24. Qa4 Ndb6 25. Qb3 Bd7 26. Bf4 Ne5 27. Bxe5 Bxe5 28. Be2 Bxc6 29. dxc6+ Kg7 30. Nd5 Nxd5 31. Qxd5 Bd4+ 32. Kh1 Re5 33. Qb3 Rb8 34. Qc4 Rxb2 35. Rxa6 Rxe4 36. Ra8 Rexe2 37. Qg8+ Kh6 38. Qf8+ Qg7 39. g5+ Kxg5 40. Qf4+ Kh5 41. Qf3+ Kg5 42. Qg3+ Kh5 1/2-1/2

[Event "Turkish Second League 2019"]
[Site "Konya"]
[Date "2019.07.24"]
[Round "4"]
[White "Akdag, Omer Amir"]
[Black "Ozturk, Efe Hakan"]
[Result "1-0"]
[ECO "A47"]
[WhiteElo "1903"]
[BlackElo "2017"]
[Annotator "NA"]
[PlyCount "67"]
[EventDate "2019.07.22"]
[EventType "team-tourn"]
[EventCountry "TUR"]
[SourceTitle "playchess.com"]
[Source "ChessBase"]
[SourceQuality "1"]
[TimeControl "5400+30"]

1. d4 Nf6 2. Nf3 b6 3. e3 Bb7 4. Bd3 g6 5. b3 Bg7 6. Bb2 O-O 7. O-O d6 8. c4 Nfd7 9. Nc3 e5 10. dxe5 dxe5 11. Be4 c6 12. Bc2 f5 13. Qd2 e4 14. Nd4 Re8 15. Nde2 Qg5 16. Rad1 Ne5 17. Kh1 Nbd7 18. Nf4 Nf6 19. Nce2 Nfg4 20. h3 Qh4 21. Ng3 Bc8 22. Kg1 g5 23. Bxe5 Nxe5 24. Nfh5 f4 25. exf4 Nf3+ 26. gxf3 exf3 27. Qd3 Kf8 28. Qxh7 Bc3 29. Qh6+ Kf7 30. Qg6+ Kf8 31. Qh6+ Kf7 32. Bg6+ Ke7 33. Rfe1+ Bxe1 34. Qg7+ 1-0

[Event "Turkish Second League 2019"]
[Site "Konya"]
[Date "2019.07.24"]
[Round "4"]
[White "Ozsakallioglu, Akin"]
[Black "Demirag, Gokhan"]
[Result "1-0"]
[ECO "B14"]
[WhiteElo "1901"]
[BlackElo "1974"]
[Annotator "NA"]
[PlyCount "139"]
[EventDate "2019.07.22"]
[EventType "team-tourn"]
[EventCountry "TUR"]
[SourceTitle "playchess.com"]
[Source "ChessBase"]
[SourceQuality "1"]
[TimeControl "5400+30"]

1. e4 c6 2. d4 d5 3. exd5 cxd5 4. c4 Nf6 5. Nc3 e6 6. Nf3 Bb4 7. cxd5 Nxd5 8. Bd2 Nc6 9. Bd3 O-O 10. O-O Be7 11. a3 Bf6 12. Be3 Nce7 13. Ne4 b6 14. Nxf6+ Nxf6 15. Bg5 Bb7 16. Ne5 Qd5 17. Qf3 Qxf3 18. Nxf3 Rfd8 19. Rfd1 h6 20. Be3 Rac8 21. Rac1 Ned5 22. Ne5 Kf8 23. Rxc8 Rxc8 24. Bd2 Rc7 25. f3 a6 26. Kf2 Ke8 27. h4 Nd7 28. Nc4 Ke7 29. g4 Bc6 30. b3 b5 31. Na5 N7b6 32. Rg1 f6 33. g5 hxg5 34. hxg5 f5 35. Rh1 Be8 36. Rh7 Kf7 37. Rh8 Ne7 38. b4 Ng6 39. Rh1 Nc4 40. Rc1 Rd7 41. Nxc4 bxc4 42. Bxc4 Rxd4 43. Be3 Rd6 44. Bc5 Rd2+ 45. Ke3 Rb2 46. Bd4 Rg2 47. Bxa6 Ba4 48. Rc7+ Ke8 49. Bxg7 e5 50. Bf6 Ra2 51. Bc4 Rxa3+ 52. Kd2 Bd7 53. Rb7 Ra8 54. b5 Rc8 55. Bb3 Nh4 56. Bd5 Ng6 57. b6 Nf4 58. Bf7+ Kxf7 59. Rxd7+ Ke6 60. Re7+ Kd5 61. b7 Rd8 62. Rd7+ Rxd7 63. b8=Q Ke6+ 64. Kc2 Rd5 65. Qg8+ Kd6 66. Qf8+ Kc6 67. Qe8+ Kc5 68. g6 Nd3 69. g7 Nb4+ 70. Kc1 1-0

[Event "Turkish Second League 2019"]
[Site "Konya"]
[Date "2019.07.24"]
[Round "4"]
[White "Can, Furkan"]
[Black "Ozkurt, Kutay"]
[Result "1-0"]
[ECO "D12"]
[WhiteElo "1900"]
[BlackElo "1824"]
[Annotator "NA"]
[PlyCount "63"]
[EventDate "2019.07.22"]
[EventType "team-tourn"]
[EventCountry "TUR"]
[SourceTitle "playchess.com"]
[Source "ChessBase"]
[SourceQuality "1"]
[TimeControl "5400+30"]

1. d4 d5 2. Nf3 Nf6 3. e3 Bf5 4. c4 e6 5. Nc3 c6 6. Qb3 Qb6 7. c5 Qc7 8. Qa4 Nbd7 9. b4 a6 10. b5 cxb5 11. Bxb5 Rc8 12. Be2 Be7 13. Ba3 O-O 14. O-O Ne4 15. Nxe4 Bxe4 16. Qb3 Rb8 17. Rac1 Bxf3 18. Bxf3 f5 19. Rb1 Bd8 20. Rfc1 Qc6 21. Bd1 Re8 22. Qa4 Qc7 23. Bf3 g5 24. Bh5 Rf8 25. c6 bxc6 26. Bxf8 Kxf8 27. Be2 a5 28. Rxb8 Nxb8 29. Qb3 Qd6 30. Qb7 Bc7 31. g3 Qd8 32. Bb5 1-0

[Event "Turkish Second League 2019"]
[Site "Konya"]
[Date "2019.07.24"]
[Round "4"]
[White "Demirtas, Hafize"]
[Black "Kara, Gulce Nehir"]
[Result "1-0"]
[ECO "B22"]
[WhiteElo "1893"]
[BlackElo "1767"]
[Annotator "NA"]
[PlyCount "51"]
[EventDate "2019.07.22"]
[EventType "team-tourn"]
[EventCountry "TUR"]
[SourceTitle "playchess.com"]
[Source "ChessBase"]
[SourceQuality "1"]
[TimeControl "5400+30"]

1. e4 c5 2. Nf3 e6 3. c3 Nf6 4. e5 Nd5 5. d4 cxd4 6. cxd4 d6 7. Nc3 Nxc3 8. bxc3 Qc7 9. Bd2 Nd7 10. Ng5 Be7 11. exd6 Qxd6 12. Qh5 Bxg5 13. Qxg5 O-O 14. Bd3 e5 15. Qh4 f5 16. Bc4+ Kh8 17. O-O Nb6 18. Bb3 f4 19. Rfe1 Nd7 20. Rad1 exd4 21. cxd4 Qxd4 22. Bc1 Qb4 23. Bb2 Nf6 24. Bxf6 gxf6 25. Bc2 f5 26. Re7 1-0

[Event "Turkish Second League 2019"]
[Site "Konya"]
[Date "2019.07.24"]
[Round "4"]
[White "Catal, Uktenur"]
[Black "Kaygisiz, Ilayda"]
[Result "0-1"]
[ECO "D87"]
[WhiteElo "1885"]
[BlackElo "1775"]
[Annotator "NA"]
[PlyCount "65"]
[EventDate "2019.07.22"]
[EventType "team-tourn"]
[EventCountry "TUR"]
[SourceTitle "playchess.com"]
[Source "ChessBase"]
[SourceQuality "1"]
[TimeControl "5400+30"]

1. d4 Nf6 2. c4 g6 3. Nc3 d5 4. cxd5 Nxd5 5. e4 Nxc3 6. bxc3 Bg7 7. Bc4 O-O 8. Ne2 c5 9. Be3 Nc6 10. O-O Bg4 11. f3 Bd7 12. Rc1 Qc7 13. Qd2 Rfd8 14. Bf4 Qc8 15. d5 Ne5 16. Bxe5 Bxe5 17. f4 Bg7 18. Rb1 a6 19. Qe3 b5 20. Bd3 c4 21. Bc2 Qc7 22. e5 Be8 23. Be4 Rab8 24. Kh1 a5 25. Nd4 b4 26. cxb4 axb4 27. Nc6 Bxc6 28. dxc6 f6 29. Qc5 fxe5 30. Qxc4+ Kh8 31. Rxb4 Rxb4 32. Qxb4 exf4 33. Bf3 0-1

[Event "Turkish Second League 2019"]
[Site "Konya"]
[Date "2019.07.24"]
[Round "4"]
[White "Ilkimen, Mehmet Emre"]
[Black "Zuberoglu, Ibrahim Berk"]
[Result "*"]
[ECO "B23"]
[WhiteElo "1863"]
[BlackElo "1737"]
[Annotator "NA"]
[PlyCount "39"]
[EventDate "2019.07.22"]
[EventType "team-tourn"]
[EventCountry "TUR"]
[SourceTitle "playchess.com"]
[Source "ChessBase"]
[SourceQuality "1"]
[TimeControl "5400+30"]

1. e4 c5 2. Nc3 d6 3. f4 g6 4. Nf3 Bg7 5. Bb5+ Bd7 6. Bxd7+ Qxd7 7. d3 Nc6 8. O-O e6 9. Qe1 Nge7 10. Ne2 O-O 11. c3 b5 12. Ng3 b4 13. Be3 Rab8 14. Bc1 bxc3 15. bxc3 Nb4 16. Qd2 Qa4 17. Rf2 Nbc6 18. f5 exf5 19. exf5 Nd5 20. Bb2 *

[Event "Turkish Second League 2019"]
[Site "Konya"]
[Date "2019.07.24"]
[Round "4"]
[White "Kayan, Veli"]
[Black "Tofan, Ibrahim"]
[Result "1-0"]
[ECO "C54"]
[WhiteElo "1863"]
[BlackElo "2043"]
[Annotator "NA"]
[PlyCount "209"]
[EventDate "2019.07.22"]
[EventType "team-tourn"]
[EventCountry "TUR"]
[SourceTitle "playchess.com"]
[Source "ChessBase"]
[SourceQuality "1"]
[TimeControl "5400+30"]

1. e4 e5 2. Nf3 Nc6 3. Bc4 Bc5 4. c3 Nf6 5. d4 exd4 6. cxd4 Bb4+ 7. Nc3 Nxe4 8. O-O Bxc3 9. d5 Bf6 10. Re1 O-O 11. Rxe4 Ne7 12. d6 cxd6 13. Ng5 d5 14. Bxd5 Nxd5 15. Qxd5 d6 16. Bd2 Bd7 17. Re2 Bc6 18. Qf5 g6 19. Qf4 Bxg5 20. Qxg5 Qxg5 21. Bxg5 f6 22. Bf4 Rad8 23. Be3 Rfe8 24. Rae1 Bb5 25. Rd2 Re6 26. Red1 a6 27. h4 Kf7 28. Kh2 Rd7 29. Rd4 h5 30. R1d2 Bc6 31. Kg3 d5 32. Bf4 Rde7 33. a3 Re8 34. Kf3 Re1 35. Rd1 R1e7 36. Be3 Rg8 37. Rh1 Re5 38. Ke2 Rh8 39. Kd2 Rc8 40. Rc1 Ree8 41. g3 Rg8 42. a4 g5 43. b3 Kg6 44. Rc3 Rcd8 45. Rc5 Rge8 46. Rc1 Re4 47. Rh1 Rde8 48. Kd3 Rxd4+ 49. Bxd4 Re4 50. f3 Re8 51. Kd2 gxh4 52. Rxh4 Bd7 53. Rf4 Re6 54. Rh4 b5 55. a5 Re7 56. Rh1 Rh7 57. Ke3 Kg5 58. Rc1 h4 59. gxh4+ Rxh4 60. Rc7 Rh7 61. Ra7 f5 62. f4+ Kg4 63. Be5 b4 64. Kd4 Kf3 65. Rc7 Rf7 66. Kxd5 Be8 67. Rc8 Bb5 68. Kc5 Rb7 69. Rh8 Be2 70. Rh3+ Ke4 71. Rh6 Rb5+ 72. Kc6 Rxa5 73. Rd6 Rb5 74. Rd4+ Ke3 75. Kd6 Bd3 76. Rd5 Rb7 77. Ra5 Bb5 78. Kc5 Kd3 79. Ra1 Kc2 80. Kxb4 Be8+ 81. Kc5 Rb5+ 82. Kd6 Rb6+ 83. Kc5 Rc6+ 84. Kb4 Bf7 85. Ra2+ Kb1 86. Rb2+ Kc1 87. Rg2 Bd5 88. Rh2 Be4 89. Ka5 Bc2 90. b4 Bd3 91. Rh7 Kb1 92. Rd7 Bb5 93. Rd6 Rc8 94. Rxa6 Bd3 95. Rd6 Ra8+ 96. Kb6 Kc2 97. Rxd3 Kxd3 98. Kc5 Ke4 99. b5 Rc8+ 100. Kd6 Rb8 101. Kc6 Ra8 102. b6 Ra6 103. Kb5 Ra3 104. b7 Rb3+ 105. Kc6 1-0

[Event "Turkish Second League 2019"]
[Site "Konya"]
[Date "2019.07.24"]
[Round "4"]
[White "Ucucu, Salih"]
[Black "Uyan, Ata Gunduz"]
[Result "1-0"]
[ECO "B28"]
[WhiteElo "1819"]
[BlackElo "1781"]
[Annotator "NA"]
[PlyCount "80"]
[EventDate "2019.07.22"]
[EventType "team-tourn"]
[EventCountry "TUR"]
[SourceTitle "playchess.com"]
[Source "ChessBase"]
[SourceQuality "1"]
[TimeControl "5400+30"]

1. e4 c5 2. Nf3 a6 3. d4 cxd4 4. Nxd4 Nf6 5. Nc3 e5 6. Nf3 Nc6 7. Bc4 h6 8. O-O d6 9. a3 Be6 10. Bxe6 fxe6 11. Nh4 Qc7 12. Ng6 Rg8 13. Nxf8 Rxf8 14. Be3 b5 15. f3 Kf7 16. f4 Kg8 17. f5 exf5 18. Rxf5 Ne7 19. Rxf6 gxf6 20. Bxh6 Rf7 21. Qg4+ Kh8 22. Qh4 Ng8 23. Be3+ Rh7 24. Qf2 Qd7 25. Nd5 Qe6 26. Rf1 Rf8 27. Qf3 Rff7 28. c3 Rhg7 29. Qh5+ Rh7 30. Qf3 Rh4 31. Bg5 fxg5 32. Qxf7 Qxf7 33. Rxf7 Rxe4 34. Rf8 Kg7 35. Rxg8+ Kf7 36. Rxg5 Ke6 37. Nc7+ Kf6 38. Rg3 Re2 39. Rf3+ Kg6 40. b4 Ra2 1-0